 Dungeon Crawl Stone Soup version 0.25.0-3-gd7cc5688da (webtiles) character file.

Game seed: 15427765594671482962

56094 Angani the Hand of Shadow (level 14, -4/106 HPs)
             Began as a Demonspawn Wanderer on June 16, 2020.
             Was a High Priest of Dithmenos.
             Slain by a 12-headed hydra (9 damage)
             ... on level 3 of the Lair of Beasts.
             The game lasted 00:48:28 (20795 turns).

Angani the Hand of Shadow (Demonspawn Wanderer)    Turns: 20795, Time: 00:48:28

Health: -4/106     AC: 21    Str: 18    XL:     14   Next: 40%
Magic:  0/24       EV: 12    Int: 13    God:    Dithmenos [*****.]
Gold:   544        SH:  5    Dex: 19    Spells: 17/17 levels left

rFire    + . .     SeeInvis .   q - +3 great sword "Jelof" {speed, +Blink MR+}
rCold    . . .     Gourm    .   (shield currently unavailable)
rNeg     . . .     Faith    .   v - +4 plate armour {rF+}
rPois    +         Spirit   +   (no helmet)
rElec    .         Reflect  +   (no cloak)
rCorr    .         Harm     .   F - +1 pair of gloves
MR       ++...                  o - +0 pair of boots
Stlth    ++++......             c - amulet of reflection
HPRegen  0.27/turn              i - +6 ring of dexterity
MPRegen  0.38/turn              k - ring of poison resistance

@: hasted, wreathed by umbra, very quick
A: talons 1, nightstalker 2, magic shield, magic regeneration, magic link,
sturdy frame 3
a: Shadow Step, Shadow Form, Renounce Religion, Evoke Blink


You were on level 3 of the Lair of Beasts.
You worshipped Dithmenos.
Dithmenos was extremely pleased with you.
You were not hungry.

You visited 2 branches of the dungeon, and saw 15 of its levels.
You also visited: Volcano.

You collected 827 gold pieces.
You spent 283 gold pieces at shops.

Inventory:

Hand Weapons
 a - a +3 quarterstaff
 q - the +3 great sword "Jelof" (weapon) {speed, +Blink MR+}
   (You found it on level 9 of the Dungeon)

   Attacks with this weapon are significantly faster.
   It affects your resistance to hostile enchantments.
   It lets you blink.
Armour
 o - a +0 pair of boots (worn)
 v - a +4 plate armour of fire resistance (worn)
 y - +0 acid dragon scales
 F - a +1 pair of gloves (worn)
Jewellery
 c - an amulet of reflection (around neck)
 e - an uncursed ring of see invisible
 i - a +6 ring of dexterity (left hand)
 k - a ring of poison resistance (right hand)
 D - an uncursed ring of wizardry
 J - an uncursed ring of wizardry
 P - an uncursed ring of resist corrosion
Wands
 d - a wand of polymorph (7)
 g - a wand of random effects (10)
 m - a wand of acid (4)
 n - a wand of iceblast (25)
 r - a wand of flame (4)
 C - a wand of digging (1)
 K - a wand of enslavement (5)
 N - a wand of paralysis (6)
 O - a wand of disintegration (9)
Scrolls
 b - 5 scrolls of teleportation
 h - 4 scrolls of enchant weapon
 l - 10 scrolls of remove curse
 u - 3 scrolls of fog
 x - 3 scrolls of brand weapon {unknown}
 G - a scroll of magic mapping
 M - a scroll of summoning
Potions
 j - 4 potions of mutation
 p - 4 potions of ambrosia
 s - a potion of flight
 t - 3 potions of invisibility
 w - 3 potions of curing
 A - a potion of resistance
 B - a potion of brilliance {unknown}
 E - 3 potions of might
Miscellaneous
 H - a tin of tremorstones (inert)
 I - a box of beasts
Comestibles
 f - 24 rations
 Q - 4 chunks of flesh


   Skills:
 + Level 8.7 Fighting
 - Level 14.0 Long Blades
 - Level 5.0 Staves
 - Level 8.1 Armour
 - Level 5.1 Dodging
 + Level 3.4 Stealth
   Level 1.0 Shields
 - Level 2.0 Spellcasting
   Level 1.0 Ice Magic
 - Level 14.0 Invocations


You had 17 spell levels left.
You didn't know any spells.
Your spell library contained the following spells:

 Spells                   Type           Power        Failure   Level  Hunger
 Foxfire                  Conj/Fire      #...         71%         1    ##.....
 Confusing Touch          Hex            #.......     97%         3    ####...
 Conjure Flame            Conj/Fire      #.......     97%         3    ####...
 Gell's Gravitas          Tloc           #.........   97%         3    ####...
 Inner Flame              Hex/Fire       #.......     97%         3    ####...
 Petrify                  Tmut/Erth      #.......     100%        4    #####..
 Sticky Flame             Conj/Fire      #.......     100%        4    #####..
 Fireball                 Conj/Fire      #.........   100%        5    ######.
 Irradiate                Conj/Tmut      #.........   100%        5    ######.
 Metabolic Englaciation   Hex/Ice        #.........   100%        5    ######.
 Yara's Violent Unravell  Hex/Tmut       #.........   100%        5    ######.


Dungeon Overview and Level Annotations

Branches:
Dungeon (11/15)            Temple (0/1) D:6            Lair (4/6) D:11
 Shoals (0/4) Lair:4       Spider (0/4) Lair:3          Orc (0/2) D:9
Volcano (visited)

Altars:
Ashenzari
Dithmenos
Gozag
Hepliaklqana
Makhleb
Qazlal
Ru
Uskayaw
Wu Jian
Yredelemnul

Shops:
D:6 (   D:8 *==(

Annotations:
D:8 Gastronok
D:9 2 transporters
Lair:2 1 runed translucent door, Kotami's ghost, journeyman OpFi
Lair:4 exclusion: 2 oklob plants


Innate Abilities, Weirdness & Mutations

You have sharp toenails.
You are significantly more attuned to the shadows.
When hurt, damage is shared between your health and your magic reserves.
You regenerate magic rapidly.
When low on magic, you restore magic in place of health.
Your movements are significantly less encumbered by armour. (ER -6)


Message History

The 12-headed hydra bites you!
* * * LOW HITPOINT WARNING * * *
The 12-headed hydra misses you. The 12-headed hydra closely misses you.
The 12-headed hydra misses you.
The 12-headed hydra bites you but does no damage. x4
The 12-headed hydra bites you.
* * * LOW HITPOINT WARNING * * *
Unknown command.
Evoke which item? (* to show all) (? for menu, Esc to quit)
Aiming: Paralyse
Press: ? - help, Shift-Dir - straight line, f - 12-headed hydra
Aim: a 12-headed hydra (lightly wounded, umbra, chance to defeat MR: 15%)
Okay, then.
Evoke which item? (* to show all) (? for menu, Esc to quit)
Okay, then.
You feel yourself speed up.
The 12-headed hydra bites you but does no damage.
The 12-headed hydra misses you. You block the 12-headed hydra's attack.
The 12-headed hydra bites you!
You die...

### ##..#.## ###.# #####......###
### #..## #............## #.#####
....## ##............## ##.#..#
.....## #..............### ##..#.
......# ##...............###.....
......## #...............P...#...
.......###.................##....
.........##...<.@D..........#.>..
........###.......<.......#......
.......#####...........#..#......
.........##..............##......
........###.#...........###...#..
........#####...........##.#..###
.........# #.#..........####.##
......#.## ###.##......## ###
#P######.# ####.##..## #


You could see a 12-headed hydra.

Vanquished Creatures
  Snorg (D:10)
  2 two-headed ogres
  A catoblepas (Lair:2)
  9 death yaks (Lair:4)
  A fire crab (Volcano)
  An unseen horror (D:10)
  An obsidian statue (Volcano)
  A lindwurm (Volcano)
  An ugly thing (D:11)
  A manticore (Lair:4)
  3 black mambas
  A centaur zombie (D:11)
  A rime drake (Lair:2)
  A kobold demonologist (D:11)
  7 spiny frogs
  5 komodo dragons
  2 trolls (D:11)
  6 polar bears
  3 jumping spiders (Lair:3)
  Prince Ribbit (D:5)
  A blink frog (Lair:2)
  4 hippogriffs
  2 wyverns (D:11)
  23 yaks
  7 redbacks (Lair:3)
  A water elemental (D:11)
  2 basilisks
  A hungry ghost (D:7)
  6 fire bats (Volcano)
  Menkaure (D:6)
  8 water moccasins
  5 sky beasts
  10 porcupines
  2 ice beasts (D:10)
  13 black bears
  2 orc warriors
  2 phantoms
  2 necrophages
  2 ogres
  2 wolves
  18 centaurs
  A crocodile (Lair:3)
  3 big kobolds (D:11)
  14 bullfrogs
  A water moccasin zombie (D:11)
  6 scorpions
  7 killer bees
  3 electric eels (D:11)
  11 wights
  5 howler monkeys
  A bullfrog zombie (D:4)
  4 crimson imps
  A quasit (D:6)
  A bullfrog skeleton (D:6)
  7 jellies
  6 orc priests
  10 hounds
  2 iguanas
  10 orc wizards
  14 worker ants
  A hound skeleton (D:8)
  2 worker ant zombies
  7 gnolls
  14 adders
  3 shadow imps
  7 oozes
  2 adder skeletons
  2 worms
  3 dart slugs
  7 leopard geckos
  46 orcs
  3 ball pythons
  5 bats
  10 giant cockroaches
  10 goblins
  5 hobgoblins
  11 jackals
  15 kobolds
  8 quokkas
  6 frilled lizards
  5 rats
442 creatures vanquished.

Vanquished Creatures (collateral kills)
  A yak (Lair:2)
1 creature vanquished.

Vanquished Creatures (others)
  8 fungi
  14 plants
22 creatures vanquished.

Grand Total: 465 creatures vanquished

Notes
Turn   | Place    | Note
-------+----------+-------------------------------------------
     0 | D:1      | Angani the Demonspawn Wanderer began the quest for the Orb.
     0 | D:1      | Angani set off with the following items: a +2 quarterstaff,
                  | 2 scrolls of teleportation, a +0 robe, a +0 dagger, a
                  | ration
     0 | D:1      | Reached XP level 1. HP: 16/16 MP: 3/3
   232 | D:1      | Gained mutation: When hurt, damage is shared between your
                  | health and your magic reserves. [demonic ancestry]
   232 | D:1      | Reached XP level 2. HP: 18/23 MP: 5/5
   750 | D:1      | Reached XP level 3. HP: 25/28 MP: 4/6
  1004 | D:2      | Found a shattered altar of Ashenzari.
  1010 | D:2      | Found a hazy altar of Hepliaklqana.
  1010 | D:2      | Found a shadowy altar of Dithmenos.
  1324 | D:2      | Gained mutation: You are slightly more attuned to the
                  | shadows. [demonic ancestry]
  1324 | D:2      | Reached XP level 4. HP: 26/35 MP: 7/7
  1362 | D:2      | Became a worshipper of Dithmenos the Shadowed
  1499 | D:2      | Found a sacrificial altar of Ru.
  1922 | D:2      | Gained mutation: Your movements are slightly less
                  | encumbered by armour. (ER -2) [demonic ancestry]
  1922 | D:2      | Reached XP level 5. HP: 42/42 MP: 8/8
  2497 | D:3      | You fall into a shaft and drop 2 floors!
  2497 | D:5      | Entered Level 5 of the Dungeon
  2505 | D:5      | Found a burning altar of Makhleb.
  2545 | D:4      | Found a hide-covered altar of Uskayaw.
  2714 | D:5      | Noticed a phantom
  2718 | D:5      | Noticed a centaur
  3033 | D:5      | Noticed a sky beast
  3293 | D:3      | Reached * piety under Dithmenos
  3381 | D:3      | Gained mutation: Your movements are less encumbered by
                  | armour. (ER -4) [demonic ancestry]
  3381 | D:3      | Reached XP level 6. HP: 49/49 MP: 9/9
  4144 | D:4      | Found an ornate altar of the Wu Jian Council.
  4165 | D:4      | Reached skill level 5 in Fighting
  4742 | D:5      | Noticed Prince Ribbit
  4778 | D:4      | Gained mutation: You are significantly more attuned to the
                  | shadows. [demonic ancestry]
  4778 | D:4      | Reached XP level 7. HP: 45/56 MP: 8/10
  5005 | D:5      | Reached skill level 5 in Staves
  5277 | D:5      | Reached skill level 1 in Armour
  5464 | D:5      | Killed Prince Ribbit
  5464 | D:5      | Reached XP level 8. HP: 64/64 MP: 11/11
  5958 | D:6      | Reached ** piety under Dithmenos
  6024 | D:6      | Found a basalt altar of Yredelemnul.
  6090 | D:6      | Found a stormy altar of Qazlal.
  6310 | D:6      | Found a staircase to the Ecumenical Temple.
  6695 | D:6      | Found Ymosk's Weapon Shoppe.
  6773 | D:6      | Noticed Menkaure
  6780 | D:6      | Killed Menkaure
  6780 | D:6      | Reached skill level 5 in Armour
  6780 | D:6      | Reached skill level 5 in Dodging
  6838 | D:6      | Reached skill level 1 in Invocations
  7074 | D:7      | Gained mutation: You regenerate magic rapidly. [demonic
                  | ancestry]
  7074 | D:7      | Reached XP level 9. HP: 69/69 MP: 12/12
  7270 | D:7      | Reached skill level 5 in Invocations
  7462 | D:7      | Paralysed by a wight for 6 turns
  7692 | D:7      | Paralysed by a wight for 5 turns
  7758 | D:7      | Reached *** piety under Dithmenos
  8466 | D:8      | Identified the Reference Book on Unstable Attacks
  8652 | D:8      | Found Sub Nuo's Antique Weapon Boutique.
  8740 | D:8      | Found Moinaj's Jewellery Shop.
  8828 | D:8      | Found Kyren's General Store.
  8836 | D:8      | Bought a +0 pair of gloves for 63 gold pieces
  8878 | D:8      | Reached skill level 10 in Invocations
  8951 | D:8      | Noticed Gastronok
  9347 | D:8      | Found Moohuik's Jewellery Emporium.
  9351 | D:8      | Bought an uncursed ring of poison resistance for 220 gold
                  | pieces
  9430 | D:8      | Found an opulent altar of Gozag.
  9555 | D:9      | You fall into a shaft and drop 2 floors!
  9591 | D:11     | Reached XP level 10. HP: 79/79 MP: 17/17
  9649 | D:10     | Entered Level 10 of the Dungeon
  9661 | D:10     | Reached **** piety under Dithmenos
  9903 | D:9      | Found a transporter.
  9933 | D:9      | Noticed a two-headed ogre
  9984 | D:9      | Found a staircase to the Orcish Mines.
 10285 | D:9      | Got a bloodstained great sword
 10286 | D:9      | Identified the +3 great sword "Jelof" {speed, +Blink MR+}
                  | (You found it on level 9 of the Dungeon)
 10411 | D:9      | Found a hazy altar of Hepliaklqana.
 10419 | D:9      | Reached skill level 1 in Long Blades
 10459 | D:9      | Noticed a fire crab
 10464 | D:9      | Found a transporter.
 10543 | D:9      | Killed a two-headed ogre
 10631 | D:9      | Noticed an orc high priest
 10773 | D:10     | Noticed a two-headed ogre
 10780 | D:10     | Killed a two-headed ogre
 10780 | D:10     | Reached skill level 5 in Long Blades
 11291 | D:10     | Noticed an unseen horror
 11293 | D:10     | Killed an unseen horror
 11405 | D:10     | Noticed Snorg
 11415 | D:10     | Killed Snorg
 11415 | D:10     | Gained mutation: When low on magic, you restore magic in
                  | place of health. [demonic ancestry]
 11415 | D:10     | Reached XP level 11. HP: 69/86 MP: 13/18
 11958 | D:10     | Found an opulent altar of Gozag.
 12072 | D:11     | Reached ***** piety under Dithmenos
 12600 | D:11     | Noticed a sun demon
 13034 | D:11     | Reached skill level 10 in Long Blades
 13250 | D:11     | Found a staircase to the Lair.
 13662 | D:11     | Noticed a cyan ugly thing
 13762 | D:11     | Killed a cyan ugly thing
 14025 | Lair:1   | Entered Level 1 of the Lair of Beasts
 14808 | Lair:1   | Gained mutation: You have sharp toenails. [demonic
                  | ancestry]
 14808 | Lair:1   | Reached XP level 12. HP: 55/91 MP: 20/22
 16152 | Lair:2   | Found a dark tunnel.
 16159 | Volcano  | Entered a volcano
 16266 | Volcano  | Found a bloodstained altar of Trog.
 16275 | Volcano  | HP: 5/136 [fire crab/blast of flame (10)]
 16702 | Lair:2   | Found a runed translucent door.
 16703 | Lair:2   | Noticed Kotami's ghost (journeyman OpFi)
 17411 | Lair:2   | Noticed a catoblepas
 17441 | Lair:2   | Killed a catoblepas
 17598 | Lair:2   | Identified the +6 spear of Borong {venom, rN+++ Int+7 Dex-4
                  | SInv}
 18089 | Lair:3   | Found a hole to the Spider Nest.
 18203 | Lair:3   | Gained mutation: Your movements are significantly less
                  | encumbered by armour. (ER -6) [demonic ancestry]
 18203 | Lair:3   | Reached XP level 13. HP: 52/98 MP: 15/23
 20166 | Lair:4   | Found a staircase to the Shoals.
 20196 | Lair:4   | Reached XP level 14. HP: 105/105 MP: 24/24
 20793 | Lair:3   | HP: 5/106 [12-headed hydra (4)]
 20795 | Lair:3   | Slain by a 12-headed hydra

Illustrated notes

Levels and vault maps discovered:
D:1:      lightli_arrival_noodles, layout_loops_ring
D:2:      layout_rooms, chequers_temple_overflow_statue_of_worship,
          first_ration, nicolae_ru_sacrificial_ziggurat
D:3:      layout_loops_corners
D:4:      layout_basic, kennysheep_little_box, nicolae_overflow_hidden_temple,
          minmay_box_of_dots
D:5:      layout_rooms, makhleb_heckhound_becter, kennysheep_generic_room_7,
          uniq_prince_ribbit1
D:6:      layout_gridville, nicolae_qazlal_general_emergency,
          yredelemnul_altar_generic, minmay_temple_entry_enclosed_plants,
          serial_shops, nicolae_shop_trees, st_stairs_10, uniq_menkaure
D:7:      layout_rooms
D:8:      layout_loops_cross, lemuel_doored_altar, serial_shops, shop,
          shop_statue, shop, shop, hangedman_little_slice_of_home,
          uniq_gastronok
D:9:      gammafunk_wand_slinger, layout_cross, david_orc_2, basic_altar
D:10:     layout_irregular_city, grunt_gozag_breadcrumbs, uniq_snorg
D:11:     layout_cave_pods, erik_lair_island
Lair:1:   beast_lair_carwin_large_4, layout_chaotic_city,
          nicolae_lair_grove_arrangements, chequers_serial_rivers_large_b
Lair:2:   layout_chaotic_city, lightli_volcano_entry_magma_tube,
          ebering_ghost_funeral_grove, minivault_11, fungi_pond_lemuel,
          hangedman_lair_generics_rect
Lair:3:   layout_cave_pods, nicolae_spider_entry_tight_spaces,
          grunt_megastairs_4
Lair:4:   layout_misc_corridors, minmay_shoals_entry_beasts,
          portal_ice_cave_rime, minmay_lair_oklob_chamber

Skill      XL: |  1  2  3  4  5  6  7  8  9 10 11 12 13 14 |
---------------+-------------------------------------------+-----
Staves         | 2 3 4 5 |  5.0
Fighting       | 3 4 5 6 7 8 |  8.7
Armour         | 2 5 8 |  8.1
Dodging        | 2 5 |  5.1
Invocations    | 3 10 13 14 | 14.0
Long Blades    | 8 10 13 14 | 14.0
Stealth        | 3 |  3.4
Shields        | |  1.0
Spellcasting   | |  2.0
Ice Magic      | |  1.0

Action                   |  1- 3 |  4- 6 |  7- 9 | 10-12 | 13-15 || total
-------------------------+-------+-------+-------+-------+-------++-------
Melee: Quarterstaff      |   101 |   218 |   451 |    81 |       ||   851
       Great sword       |       |       |       |   601 |   150 ||   751
Evoke: Wand              |       |       |    22 |     2 |       ||    24
       Tin of tremorston |       |       |       |     2 |     3 ||     5
  Use: Scroll            |       |     7 |     3 |    13 |     3 ||    26
       Potion            |       |       |     2 |    10 |     3 ||    15
 Stab: Sleeping          |     2 |     5 |    18 |    29 |     1 ||    55
       Distracted        |       |       |     2 |     4 |       ||     6
       Invisible         |       |       |       |     4 |       ||     4
       Petrified         |       |       |       |     5 |       ||     5
  Eat: Chunk             |     1 |    11 |    14 |    22 |     5 ||    53
       Ration            |       |       |     2 |     1 |     1 ||     4
Armor: Robe              |    10 |       |       |       |       ||    10
       Chain mail        |    32 |    88 |    11 |       |       ||   131
       Ring mail         |       |     8 |       |       |       ||     8
       Acid dragon scale |       |       |    96 |   131 |       ||   227
       Skin              |       |       |       |    25 |       ||    25
       Plate armour      |       |       |       |    53 |    94 ||   147
Dodge: Dodged            |    43 |    98 |   359 |   517 |    75 ||  1092
Block: Other             |       |     5 |    93 |   166 |    34 ||   298
       Reflection        |       |       |     1 |     7 |     1 ||     9
       Rpst.: Great sword |       |       |       |   120 |    12 ||   132
